 Dungeon Crawl Stone Soup version 0.22-a0-612-gd2f0174 (webtiles) character file.

150 Mamutox the Changer (level 5, -5/48 HPs)
             Began as an Ogre Transmuter on July 11, 2018.
             Was an Initiate of Okawaru.
             Killed from afar by an orc wizard (10 damage)
             ... with a magic dart
             ... on level 2 of the Dungeon.
             The game lasted 00:09:06 (2717 turns).

Mamutox the Changer (Ogre Transmuter)               Turns: 2717, Time: 00:09:08

Health: -5/48      AC:  2    Str: 14    XL:     5   Next: 32%
Magic:  4/9        EV: 19    Int: 14    God:    Okawaru [......]
Gold:   98         SH:  0    Dex: 15    Spells: 4/10 levels left

rFire    . . .     SeeInvis .     - Unarmed
rCold    . . .     Gourm    .   (shield currently unavailable)
rNeg     . . .     Faith    .   (armour currently unavailable)
rPois    x         Spirit   .   (helmet currently unavailable)
rElec    .         Reflect  .   (cloak currently unavailable)
rCorr    .         Harm     .   (gloves unavailable)
MR       .....                  (boots unavailable)
Stlth    +.........             (no amulet)
HPRegen  0.16/turn              (no ring)
MPRegen  0.11/turn              (no ring)

@: spider-form (expiring), very slightly contaminated
A: tiny, unfitting armour
a: End Transformation, Renounce Religion


You were on level 2 of the Dungeon.
You worshipped Okawaru.
Okawaru was noncommittal.
You were not hungry.
You were a venomous arachnid creature.
You visited 1 branch of the dungeon, and saw 2 of its levels.

You collected 98 gold pieces.

Inventory:

Missiles
 a - 33 arrows
 f - 6 tomahawks (quivered)
 i - 4 tomahawks of returning
Armour
 b - a +0 robe (melded)
Jewellery
 l - an uncursed ring of magical power {unknown}
Scrolls
 e - 4 scrolls of identify {unknown}
 h - 3 scrolls of teleportation {unknown}
 j - 2 scrolls of fear {unknown}
Potions
 c - a potion of invisibility {unknown}
 g - 2 potions of haste {unknown}
 m - 2 potions of curing {unknown}
Comestibles
 d - 5 rations


   Skills:
 - Level 1.3 Fighting
 - Level 1.7 Dodging
 - Level 3.5 Unarmed Combat
 - Level 3.0 Spellcasting
 + Level 3.6 Transmutations
 - Level 1.1 Poison Magic


You had 4 spell levels left.
You knew the following spells:

 Your Spells              Type           Power        Failure   Level  Hunger
a - Beastly Appendage     Tmut           ##....       14%         1    #......
s - Sticks to Snakes      Tmut           ##......     19%         2    ##.....
x - Spider Form           Tmut/Pois      #.........   45%         3    ###....

Your spell library contained the following spells:

 Spells                   Type           Power        Failure   Level  Hunger
 Confuse                  Hex            #.......     75%         3    ###....
 Blade Hands              Tmut           ##........   91%         5    ######.
 Ice Form                 Ice/Tmut       #.......     86%         4    #####..
 Confusing Touch          Hex            #.....       43%         1    #......
 Metabolic Englaciation   Hex/Ice        #.........   100%        5    ######.
 Petrify                  Tmut/Erth      #.......     86%         4    #####..
 Gell's Gravitas          Tloc           #.........   75%         3    ###....
 Yara's Violent Unravell  Hex/Tmut       #.........   99%         5    ######.


Dungeon Overview and Level Annotations

Branches:
Dungeon (2/15)

Altars:
Okawaru
Zin


Innate Abilities, Weirdness & Mutations

You are too large for most types of armour.
((You have tough skin. (AC +1)))


Message History

You turn into a venomous arachnid creature.
Your +0 robe melds into your body.
The orc priest invokes the aid of Beogh against you.
Beogh smites you!
You hit the orc priest but do no damage.
The orc priest is poisoned.
The orc priest mumbles some strange prayers to Beogh against you.
Beogh smites you!
* * * LOW HITPOINT WARNING * * *
You hit the orc priest.
The orc priest looks as sick as possible!
The orc priest is severely wounded.
The orc priest hits you with a club.
* * * LOW HITPOINT WARNING * * *
Your transformation is almost over.
You kill the orc priest!
Okawaru accepts your kill.
The orc wizard points at you and mumbles some strange words.
The magic dart hits you!
You die...

######### #.#......# ###.
#.......###.#....#.# #.
........+........#.# #.
#.......###.#....#.# #)
#.......###.#)...#.# #.
#...........#oo..#.# #.
#...........#....#.# #.
#######.....#....#.####### #. #
######.....s............# #. #
#....#.....#....#.#####.###. #
#....#######......# #.#... #
#<...###.........## #.#.#.
######.....)..........## #.#...
##........##.....##....#####.#...
##................+..............
##........#....##.#....#########.
##.......#.#...##.#..............


You could see an orc wizard and an orc.

Vanquished Creatures
  An orc priest (D:2)
  An iguana (D:2)
  4 adders (D:2)
  An ooze (D:2)
  A worm (D:2)
  2 dart slugs (D:1)
  A ball python (D:1)
  A giant cockroach (D:1)
  9 goblins
  4 hobgoblins
  3 jackals (D:2)
  5 kobolds
  9 bats
  6 frilled lizards
  5 rats
53 creatures vanquished.

Notes
Turn   | Place    | Note
-------+----------+-------------------------------------------
     0 | D:1      | Mamutox the Ogre Transmuter began the quest for the Orb.
     0 | D:1      | Reached XP level 1. HP: 19/19 MP: 3/3
   182 | D:1      | Reached XP level 2. HP: 27/27 MP: 3/5
   710 | D:1      | Reached XP level 3. HP: 11/33 MP: 7/7
  1137 | D:1      | Learned a level 3 spell: Spider Form
  1140 | D:1      | Learned a level 2 spell: Sticks to Snakes
  1773 | D:2      | Reached skill level 1 in Poison Magic
  1773 | D:2      | Reached XP level 4. HP: 29/41 MP: 2/8
  1775 | D:2      | Found a faded altar of an unknown god.
  2592 | D:2      | Found an iron altar of Okawaru.
  2603 | D:2      | Reached XP level 5. HP: 39/48 MP: 5/9
  2614 | D:2      | Became a worshipper of Warmaster Okawaru
  2686 | D:2      | Found a glowing silver altar of Zin.
  2717 | D:2      | Killed from afar by an orc wizard

Vault maps used:
D:1:      nicolae_arrival_washed_ashore
D:2:      cheibrodos_pilgrimage, overflow_temple_1_default,
          chequers_ecumenical_altar_simple_redux, okawaru_ov_weapons_minmay

Skill      XL: |  1  2  3  4 |
---------------+-------------+-----
Unarmed Combat | 3 |  3.5
Spellcasting   | 3 |  3.0
Transmutations | 2 3 |  3.6
Poison Magic   | 1 |  1.1
Fighting       | |  1.3
Dodging        | |  1.7

Action                   |  1- 3 |  4- 6 || total
-------------------------+-------+-------++-------
Melee: Unarmed           |   124 |    49 ||   173
       Headbutt          |     5 |       ||     5
       Kick              |     4 |     1 ||     5
       Punch             |     3 |       ||     3
Throw: Tomahawk          |     3 |       ||     3
 Cast: Beastly Appendage |    14 |     3 ||    17
       Spider Form       |     2 |     7 ||     9
  Eat: Chunk             |     3 |     4 ||     7
Armor: Robe              |    48 |     6 ||    54
       Skin              |     3 |     1 ||     4
Dodge: Dodged            |    98 |    44 ||   142

Table legend:
 A = Spawn XP
 B = Non-spawn XP
 C = Spawn XP percentage of total XP
 D = Spawn monster count
 E = Non-spawn monster count
 F = Spawn count percentage of total count
 G = Total turns spent on level
                    A         B        C        D         E        F      G
               +---------+---------+-------+---------+---------+-------+---------
         Total |       0 |     215 |   0.0 |       0 |      53 |   0.0 |  2717
               +---------+---------+-------+---------+---------+-------+---------
           D:1 |       0 |      47 |   0.0 |       0 |      30 |   0.0 |  1330
           D:2 |       0 |     168 |   0.0 |       0 |      23 |   0.0 |  1387
               +---------+---------+-------+---------+---------+-------+---------
